Map: Iron Fortress LE (Void)

Players

Apex

  • Race: Protoss Protoss
  • League: Grandmaster

Phantom

  • Race: Protoss Protoss
  • League: Grandmaster

IlIIlIlIlIIl - Winner!

  • Race: Terran Terran
  • League: Grandmaster

pomo - Winner!

  • Race: Terran Terran
  • League: Grandmaster

VOD

Have the link to the VOD?

Description

Time

  • Played on: June 10, 2015, 4:36 a.m.
  • Length: 10:41
Show
View Real Time Build Order
Export as new Build Order

Apex Protoss 

Build Orders: 1 Gate Expand 

Get SALT Encoding   

  12  0:01  Probe  
  13  0:14  Pylon  
  13  0:17  Probe  
  14  0:29  Probe  
  15  0:37  Probe  
  15  0:39  Gateway  
  16  0:50  Probe  
  16  0:55  Assimilator  
  17  0:59  Probe  
  18  1:12  Probe  
  19  1:23  Nexus  
  19  1:27  Probe  
  20  1:40  Cybernetics Core  
  20  1:42  Probe  
  21  1:55  Pylon  
  21  2:04  Probe  
  22  2:13  Zealot  
  22  2:15  Assimilator  
  24  2:17  Warp Gate  
  24  2:18  Probe  
  25  2:27  Mothership Core  
  26  2:40  Probe  
  27  2:49  Probe  
  27  2:50  Stalker  
  29  2:57  Probe  
  27  3:01  Probe  
  28  3:22  Stalker, Probe  
  30  3:35  Robotics Facility  
  30  3:39  Gateway  
  30  3:41  Probe x2  
  28  3:42  Gateway  
  30  3:49  Probe  
  30  3:51  Probe  
  32  4:04  Pylon  
  32  4:05  Probe  
  32  4:08  Probe  
  34  4:13  Assimilator  
  34  4:15  Probe  
  34  4:16  Assimilator  
  34  4:21  Probe  
  34  4:24  Observer  
  37  4:34  Probe x2  
  39  4:40  Stalker  
  39  4:42  Zealot  
  43  4:46  Probe x2  
  43  4:48  Robotics Bay  
  45  4:58  Probe  
  46  5:04  Immortal  
  46  5:06  Pylon  
  46  5:07  Probe  
  46  5:10  Probe  
  52  5:23  Forge  
  52  5:24  Probe x2  
  54  5:31  Pylon  
  50  5:46  Disruptor  
  50  5:48  Protoss Ground Weapons Level 1  
  52  5:53  Zealot x2  
  52  5:54  Forge, Zealot  
  58  5:57  Probe  
  58  5:58  Probe  
  60  6:15  Probe x2  
  62  6:19  Sentry, Disruptor  
  62  6:24  Gateway x2  
  64  6:27  Probe x2  
  66  6:38  Pylon  
  66  6:45  Protoss Ground Armor Level 1  
  66  6:48  Probe x2  
  72  7:02  Disruptor  
  68  7:11  Disruptor  
  68  7:15  Stalker  
  70  7:16  Probe x2, Zealot  
  70  7:17  Stalker  
  69  7:30  Stalker x2  
  59  7:40  Disruptor  
  59  7:41  Probe  
  52  7:49  Disruptor  
  49  7:53  Probe  
  49  7:56  Probe  
  48  8:02  Zealot  
  48  8:03  Zealot  
  48  8:05  Probe, Adept x3  
  54  8:08  Probe  
  59  8:17  Probe  
  56  8:29  Disruptor  
  60  8:35  Stalker x3  
  60  8:38  Probe  
  60  8:39  Probe  
  68  8:43  Disruptor  
  68  8:48  Probe  
  66  8:50  Probe  
  68  8:56  Probe  
  68  9:02  Probe  
  70  9:04  Zealot x3  
  70  9:09  Pylon  
  76  9:10  Pylon  
  76  9:13  Pylon  
  76  9:18  Observer  
  76  9:22  Disruptor  
  62  9:24  Probe  
  62  9:30  Disruptor  
  59  9:36  Probe  
  48  9:39  Probe  
  42  9:48  Probe  
  42  9:51  Probe  
Show
View Real Time Build Order
Export as new Build Order

Phantom Protoss 

Build Orders:  

Get SALT Encoding   

  12  0:01  SCV  
  13  0:13  SCV  
  14  0:21  Supply Depot  
  14  0:26  SCV  
  15  0:31  Refinery  
  15  0:43  SCV  
  16  0:51  Barracks  
  16  1:07  SCV  
  17  1:21  SCV  
  18  1:28  Barracks  
  18  1:35  SCV  
  18  1:38  Reaper  
  20  1:43  Supply Depot  
  20  1:50  Orbital Command  
  20  2:10  Reaper  
  21  2:17  Reaper  
  21  2:20  SCV  
  23  2:41  Bunker  
  23  2:43  Command Center  
  23  2:47  SCV  
  23  2:49  Refinery  
  23  2:50  Barracks Tech Lab  
  24  2:52  Barracks Tech Lab  
  24  3:19  Engineering Bay x2  
  24  3:27  Marauder x2  
  24  3:28  Stimpack  
  24  3:33  SCV  
  29  3:49  Factory  
  29  3:54  SCV  
  30  3:59  Orbital Command  
  30  4:02  Supply Depot  
  30  4:06  Supply Depot  
  30  4:09  Marine  
  31  4:10  Marine  
  32  4:18  SCV  
  33  4:25  SCV  
  33  4:30  SCV  
  35  4:32  Marauder x2  
  35  4:33  Widow Mine  
  41  4:39  Combat Shields  
  41  4:47  Terran Infantry Weapons Level 1, Terran Infantry Armor Level 1  
  41  4:53  Marauder  
  41  4:56  Marauder  
  45  5:00  Refinery x2  
  45  5:01  SCV x2  
  47  5:13  SCV x2  
  49  5:22  Widow Mine  
  49  5:27  Marauder  
  49  5:28  Marauder  
  55  5:33  SCV x2  
  55  5:35  Starport  
  56  5:51  Missile Turret  
  56  5:54  Missile Turret  
  56  5:56  Factory Reactor, Marauder x2  
  60  6:07  Armory  
  60  6:08  Barracks  
  60  6:10  Barracks  
  60  6:12  Medivac  
  62  6:23  Supply Depot x2  
  62  6:32  Marine x2  
  62  6:33  SCV x2  
  66  6:53  Medivac x2  
  70  6:55  Marauder x2  
  70  6:59  Barracks Reactor  
  71  7:02  Barracks Reactor  
  72  7:08  SCV x2  
  72  7:10  Barracks  
  72  7:12  Barracks  
  73  7:16  Supply Depot  
  73  7:19  Marine x2  
  75  7:23  Medivac  
  74  7:37  Terran Infantry Weapons Level 2, Terran Infantry Armor Level 2  
  74  7:39  SCV  
  74  7:41  Marine  
  76  7:46  Marine x2  
  76  7:48  Marine  
  75  8:00  SCV x2  
  77  8:07  Marauder  
  77  8:10  Marauder  
  77  8:11  Marine x4  
  77  8:12  Marine x2  
  85  8:16  SCV x2  
  87  8:21  Medivac  
  83  8:46  Marine x2  
  83  8:47  Marine x3  
  83  8:48  Marine  
  89  8:49  Marauder x2  
  93  9:04  Marine  
  94  9:19  Medivac x2, Marine  
  94  9:43  Marine x2  
  94  9:47  Marine  
  94  9:48  SCV  
  94  9:49  Marine  
  94  9:51  SCV, Widow Mine  
  95  9:54  Supply Depot  
  95  9:55  Supply Depot  
  95  9:59  Command Center  
  89  10:00  SCV  
  89  10:03  SCV  
  90  10:13  SCV  
  91  10:15  SCV  
  91  10:16  Supply Depot  
  91  10:17  Supply Depot  
  91  10:19  Marine  
  91  10:20  Marine x2  
  99  10:23  Barracks Tech Lab  
  99  10:24  Barracks Tech Lab  
  99  10:25  SCV  
Show
View Real Time Build Order
Export as new Build Order

IlIIlIlIlIIl Terran - Winner!

Build Orders:  

Get SALT Encoding   

Show
View Real Time Build Order
Export as new Build Order

pomo Terran - Winner!

Build Orders:  

Get SALT Encoding   

Tags
 
Add a new tag
Caveats
  • Supply blocks, unpowered buildings, or Contaminate may cause inaccurate times.
  • Supply counts are checked every 10 seconds.